 Dungeon Crawl Stone Soup version 0.20-a0-470-gbb038bd (webtiles) character file.

21329 Amnesiac the Thaumaturge (level 12, -18/81 HPs)
             Began as a Mummy Enchanter on Jan 13, 2017.
             Was an Initiate of Gozag.
             Demolished by an ettin
             ... wielding a +0 dire flail
              (36 damage)
             ... on level 1 of the Orcish Mines.
             The game lasted 00:34:11 (20287 turns).

Amnesiac the Thaumaturge (Mummy Enchanter)         Turns: 20287, Time: 00:34:12

Health: -18/81     AC: 11    Str: 16    XL:     12   Next: 53%
Magic:  26/26      EV: 21    Int: 21    God:    Gozag
Gold:   3107       SH:  7    Dex: 18    Spells: 15/32 levels left

rFire  x . .     SeeInvis .     F - +4 trident "Lytiohag" {elec, +Fly rC- rN++ Int+2}
rCold  . . .     Gourm    .     f - +0 ring mail
rNeg   + + +     Faith    .     v - +2 buckler
rPois  ∞         Spirit   .     A - +2 hat
rElec  .         Reflect  .     D - +2 cloak
rCorr  .         Harm     .     I - +0 pair of gloves
MR     +....                    (no boots)
Stlth  ++++......               (no amulet)
                                (no ring)
                                (no ring)

@: mighty, agile, repel missiles
A: no food or potions, fire vulnerability, cold resistance 1, negative energy
resistance 3, torment resistance, unbreathing
a: Potion Petition, Call Merchant, Bribe Branch, Renounce Religion, Evoke Flight


You were on level 1 of the Orcish Mines.
You worshipped Gozag.
Gozag was most pleased with you.
You were not hungry.

You visited 4 branches of the dungeon, and saw 15 of its levels.
You also visited: Ossuary.

You collected 3160 gold pieces.
You paid 53 gold pieces to Gozag.

Inventory:

Hand Weapons
 k - a +2 dagger of venom
 n - a +2 dagger of draining
 q - a +0 blowgun
 u - a +0 trident of venom
 z - a +2 dagger of venom
 F - the +4 trident "Lytiohag" (weapon) {elec, +Fly rC- rN++ Int+2}
   (You found it on level 9 of the Dungeon)

   Occasionally, upon striking a foe, it will discharge some electrical energy
   and cause terrible harm.
   It affects your intelligence (+2).
   It makes you vulnerable to cold.
   It greatly protects you from negative energy.
   It lets you fly.
 J - a +0 dagger of electrocution
 L - a +0 scimitar of flaming
Missiles
 o - 10 curare-tipped needles
Armour
 f - a +0 ring mail (worn)
 v - a +2 buckler (worn)
 A - a +2 hat (worn)
 D - a +2 cloak (worn)
 I - a +0 pair of gloves (worn)
 M - a +1 cloak
Jewellery
 s - an uncursed amulet of guardian spirit
 P - an uncursed ring of poison resistance {unknown}
Wands
 p - a wand of lightning (9/15)
 r - a wand of acid (8/15)
 w - a wand of flame (23/48)
 x - a wand of disintegration (18/24)
 B - a wand of disintegration (18/24)
 C - a wand of paralysis (13/24)
 E - a wand of digging (9/24)
 G - a wand of iceblast (11/15)
 H - a wand of polymorph (15/24)
 O - a wand of random effects (40/48)
Scrolls
 a - 2 scrolls of enchant armour {unknown}
 d - 2 scrolls of magic mapping {unknown}
 e - 3 scrolls of amnesia {unknown}
 g - 2 scrolls of recharging {unknown}
 i - 6 scrolls of remove curse {unknown}
 j - 2 scrolls of enchant weapon {unknown}
 l - 17 scrolls of identify {unknown}
 m - 7 scrolls of teleportation {unknown}
 t - 2 scrolls of random uselessness {unknown}
 y - a scroll of fear {unknown}
 K - a scroll of immolation {unknown}
Books
 b - a book of Minor Magic

   Spells                             Type                      Level
   a - Magic Dart                     Conjuration                  1
   b - Blink                          Translocation                2
   c - Call Imp                       Summoning                    2
   d - Repel Missiles                 Charms/Air                   2
   e - Slow                           Hexes                        2
   f - Conjure Flame                  Conjuration/Fire             3
   g - Mephitic Cloud                 Conjuration/Poison/Air       3
 c - a book of Maledictions

   Spells                             Type                      Level
   a - Corona                         Hexes                        1
   b - Ensorcelled Hibernation        Hexes/Ice                    2
   c - Confuse                        Hexes                        3
   d - Tukima's Dance                 Hexes                        3
   e - Dazzling Spray                 Conjuration/Hexes            3
 h - a book of Changes

   Spells                             Type                      Level
   a - Beastly Appendage              Transmutation                1
   b - Sticks to Snakes               Transmutation                2
   c - Spider Form                    Transmutation/Poison         3
   d - Ice Form                       Ice/Transmutation            4
   e - Blade Hands                    Transmutation                5
 N - a book of Cantrips

   Spells                             Type                      Level
   a - Confusing Touch                Hexes                        1
   b - Animate Skeleton               Necromancy                   1
   c - Summon Small Mammal            Summoning                    1
   d - Apportation                    Translocation                1
 Q - a book of Necromancy

   Spells                             Type                      Level
   a - Pain                           Necromancy                   1
   b - Animate Skeleton               Necromancy                   1
   c - Vampiric Draining              Necromancy                   3
   d - Regeneration                   Charms/Necromancy            3
   e - Animate Dead                   Necromancy                   4
   f - Control Undead                 Necromancy                   4


   Skills:
 - Level 3.0 Fighting
 - Level 4.0 Short Blades
 - Level 8.4 Polearms
 - Level 1.0 Throwing
 - Level 7.3 Dodging
 - Level 6.0 Stealth
 - Level 4.1 Shields
 + Level 10.5 Spellcasting
 - Level 10.0 Hexes


You had 15 spell levels left.
You knew the following spells:

 Your Spells              Type           Power        Failure   Level  Hunger
a - Dazzling Spray        Conj/Hex       ####..       6%          3    N/A
b - Repel Missiles        Chrm/Air       ##....       21%         2    N/A
c - Blink                 Tloc           N/A          21%         2    N/A
d - Mephitic Cloud        Conj/Pois/Air  ##......     38%         3    N/A
e - Confuse               Hex            ######..     1%          3    N/A
f - Corona                Hex            ######.      1%          1    N/A
w - Tukima's Dance        Hex            ######..     1%          3    N/A

Dungeon Overview and Level Annotations

Branches:
Dungeon (12/15)            Temple (1/1) D:4            Lair (1/6) D:10
    Orc (1/2) D:12

Altars:
Ashenzari
Cheibriados
Dithmenos
Elyvilon
Fedhas
Gozag
Hepliaklqana
Kikubaaqudgha
Makhleb
Nemelex Xobeh
Okawaru
Qazlal
Ru
Sif Muna
Trog
Uskayaw
Vehumet
Xom
Yredelemnul
Zin
The Shining One

Shops:
D:6 =

Annotations:
D:9 1 runed door


Innate Abilities, Weirdness & Mutations

You do not eat or drink.
Your flesh is vulnerable to fire.
You are immune to poison.
Your flesh is cold resistant. (rC+)
You are immune to negative energy. (rN+++)
You are immune to unholy pain and torment.
You can survive without breathing.


Message History

The orc misses you. The ettin hits you with a dire flail!!!
Ouch! That really hurt!
The ettin hits you with a dire flail!!
* * * LOW HITPOINT WARNING * * *
The orc warrior hits you with a flail!
* * * LOW HITPOINT WARNING * * *
The orc misses you.
The orc warrior shouts!
There is a staircase back to the Dungeon here.
Okay, then. [a] - 0 gold - haste, agility and flight [b] - 0 gold - haste, agility and flight [c] - 0 gold - might, agility, heal wounds and berserk rage Purchase which effect?
You feel very mighty all of a sudden.
You feel agile all of a sudden.
You feel much better.
You cannot raise a blood rage in your lifeless body.
The ettin barely misses you. The ettin hits you with a dire flail!!!
You die...
Your body crumbles into a pile of gold.

$ $ .#..# $ .
....# # # #
#.#...$###..#.#
$
#......#......
##.......#.....
#....$....ooo..
......$Co....#
$
...o..o@>....#
$
......o....$..#
.............##
.............#
............##
...........##
.....#.#####
#....##


You could see an ettin, 3 orc warriors, an orc priest, an orc wizard and 2 orcs.

Vanquished Creatures
  Gastronok (D:7)
  Josephine (D:11)
  A hydra (D:12)
  A two-headed ogre (D:12)
  The ghost of sergedm the Eclecticist, a journeyman DECj of Vehumet (D:12)
  2 orc knights (D:12)
  An ugly thing (D:12)
  A cyclops (D:12)
  Maurice (D:9)
  A gargoyle (D:12)
  A spiny frog (Lair:1)
  The ghost of Klosterheim the Purveyor of Pain, a novice DsNe of Kikubaaqudgha (D:5)
  An efreet (D:12)
  3 trolls
  3 hippogriffs
  A spriggan (D:8)
  4 wraiths (D:11)
  A shadow (D:11)
  2 basilisks (Lair:1)
  16 yaks
  3 hungry ghosts
  A steam dragon (D:11)
  7 wargs
  A dancing weapon (D:7)
  3 porcupines (Lair:1)
  2 water moccasins
  4 orc warriors
  Duvessa (D:6)
  3 ice beasts
  2 black bears
  2 phantoms
  An eye of draining (D:12)
  6 ogres
  7 centaurs
  3 big kobolds
  3 elf zombies (Ossuary)
  Blork the orc (D:6)
  8 bullfrogs
  A gnoll sergeant (D:10)
  Dowan (D:6)
  4 scorpions
  A water moccasin skeleton (D:6)
  5 killer bees
  4 howler monkeys
  3 human zombies (Ossuary)
  6 crimson imps
  4 hounds
  3 jellies
  3 bullfrog zombies
  4 centaur zombies
  21 orc wizards
  2 bullfrog skeletons
  2 centaur skeletons
  9 orc priests
  5 iguanas
  5 worker ants
  A big kobold zombie (Ossuary)
  3 hound zombies (Ossuary)
  3 mummies (Ossuary)
  A hound skeleton (D:7)
  2 worker ant zombies
  10 adders
  5 gnolls
  A shadow imp (D:7)
  2 oozes
  2 adder zombies (Ossuary)
  3 worms
  2 dart slugs (D:1)
  7 leopard geckos
  50 orcs
  2 ball pythons
  2 bats (D:1)
  6 giant cockroaches
  5 goblins
  11 hobgoblins
  13 jackals
  5 quokkas
  5 frilled lizards
  3 goblin zombies (Ossuary)
  8 hobgoblin zombies (Ossuary)
  A jackal skeleton (D:5)
  2 jackal zombies (Ossuary)
  18 kobolds
  5 kobold zombies (Ossuary)
  An orc zombie (Ossuary)
  4 quokka zombies
  10 rats
  5 rat zombies
383 creatures vanquished.

Vanquished Creatures (collateral kills)
  A two-headed ogre (D:12)
1 creature vanquished.

Vanquished Creatures (others)
  3 dancing weapons
  A bullfrog (D:6)
  An orc (D:6)
  A quokka (D:7)
6 creatures vanquished.

Grand Total: 390 creatures vanquished

Notes
Turn   | Place    | Note
-------+----------+-------------------------------------------
     0 | D:1      | Amnesiac the Mummy Enchanter began the quest for the Orb.
     0 | D:1      | Reached XP level 1. HP: 13/13 MP: 4/4
   382 | D:1      | Reached skill level 1 in Short Blades
   394 | D:1      | Reached XP level 2. HP: 6/19 MP: 2/5
  1107 | D:2      | Reached XP level 3. HP: 22/24 MP: 5/7
  1116 | D:2      | Learned a level 3 spell: Confuse
  1120 | D:2      | Learned a level 3 spell: Tukima's Dance
  1804 | D:3      | Found an ancient bone altar of Kikubaaqudgha.
  1826 | D:3      | Found a hide-covered altar of Uskayaw.
  1985 | D:4      | Found a staircase to the Ecumenical Temple.
  2065 | Temple   | Entered the Ecumenical Temple
  2284 | D:4      | Noticed an ogre
  2345 | D:4      | Killed an ogre
  2345 | D:4      | Reached XP level 4. HP: 22/30 MP: 1/8
  2737 | D:2      | Reached XP level 5. HP: 33/35 MP: 9/9
  4059 | D:4      | Noticed an ogre
  4129 | D:4      | Killed an ogre
  4513 | D:4      | Found a burning altar of Makhleb.
  4594 | D:4      | Found a bloodstained altar of Trog.
  4594 | D:4      | Found an opulent altar of Gozag.
  4599 | D:4      | Found a faded altar of an unknown god.
  4602 | D:4      | Became a worshipper of Gozag Ym Sagoz the Greedy
  4605 | D:4      | Found a hazy altar of Hepliaklqana.
  4607 | D:4      | Found a shimmering altar of Xom.
  4722 | D:4      | Noticed a phantom
  5510 | D:3      | Killed a phantom
  5510 | D:3      | Reached XP level 6. HP: 28/41 MP: 4/10
  5706 | D:5      | Entered Level 5 of the Dungeon
  5797 | D:5      | Noticed Klosterheim's ghost (novice DsNe)
  5804 | D:5      | Reached skill level 1 in Fighting
  5889 | D:4      | Reached skill level 1 in Throwing
  6260 | D:4      | Reached XP level 7. HP: 32/51 MP: 5/12
  6729 | D:5      | Reached skill level 5 in Hexes
  6844 | D:5      | Killed Klosterheim's ghost
  7280 | D:6      | Reached XP level 8. HP: 57/58 MP: 13/13
  7361 | D:6      | Noticed Blork the orc
  7362 | D:6      | Found Loxylif's Jewellery Emporium.
  7374 | D:6      | Killed Blork the orc
  7583 | D:6      | Reached skill level 1 in Shields
  7594 | D:6      | Noticed Duvessa
  7605 | D:6      | Noticed Dowan
  7610 | D:6      | Killed Duvessa
  7634 | D:6      | Killed Dowan
  7763 | D:6      | Found a sparkling altar of Nemelex Xobeh.
  8198 | D:7      | Found a shadowy altar of Dithmenos.
  8491 | D:7      | Found a sand-covered staircase.
  8516 | Ossuary  | Entered an ossuary
  8595 | Ossuary  | Reached XP level 9. HP: 35/63 MP: 5/15
  9020 | Ossuary  | Learned a level 3 spell: Dazzling Spray
  9698 | D:7      | Reached skill level 5 in Dodging
 11207 | D:7      | Found a white marble altar of Elyvilon.
 12108 | D:8      | Reached XP level 10. HP: 70/70 MP: 17/17
 12460 | D:9      | Reached skill level 5 in Spellcasting
 12475 | D:9      | Reached skill level 5 in Stealth
 12479 | D:9      | Noticed Gastronok
 12557 | D:7      | Learned a level 2 spell: Repel Missiles
 12562 | D:7      | Learned a level 2 spell: Blink
 12566 | D:7      | Learned a level 3 spell: Mephitic Cloud
 12960 | D:7      | Killed Gastronok
 13144 | D:9      | Noticed Maurice
 13167 | D:9      | Killed Maurice
 13435 | D:9      | Got a warped trident
 13436 | D:9      | Identified the +4 trident "Lytiohag" {elec, +Fly rC- rN++ Int+2} (You found it on level 9 of the Dungeon)
 13715 | D:9      | Found a runed door.
 13715 | D:9      | Noticed a harpy
 13715 | D:9      | Noticed a fire dragon
 13715 | D:9      | Noticed a seven-headed hydra
 13717 | D:9      | Noticed a deep elf archer
 13717 | D:9      | Noticed a wolf spider
 13717 | D:9      | Noticed a deep elf mage
 13717 | D:9      | Noticed a six-headed hydra
 13717 | D:9      | Noticed a wolf spider
 13855 | D:9      | Reached skill level 1 in Polearms
 13972 | D:10     | Entered Level 10 of the Dungeon
 14323 | D:10     | Found a staircase to the Lair.
 14626 | D:10     | Reached XP level 11. HP: 67/75 MP: 21/21
 15445 | D:11     | Reached skill level 5 in Polearms
 15939 | D:11     | Noticed Josephine
 16443 | D:11     | Killed Josephine
 16815 | D:12     | Noticed sergedm's ghost (journeyman DECj)
 16862 | D:12     | Killed sergedm's ghost
 17252 | D:12     | Noticed a two-headed ogre
 17258 | D:12     | Noticed a two-headed ogre
 17282 | D:12     | Killed a two-headed ogre
 17312 | D:12     | Killed a two-headed ogre
 17457 | D:12     | Noticed a purple ugly thing
 17617 | D:12     | Killed a purple ugly thing
 17837 | D:12     | Reached XP level 12. HP: 78/81 MP: 17/23
 17935 | D:12     | Noticed a five-headed hydra
 18036 | D:12     | Killed a one-headed hydra
 18452 | D:12     | Found a staircase to the Orcish Mines.
 18729 | Lair:1   | Entered Level 1 of the Lair of Beasts
 19216 | Lair:1   | Reached skill level 10 in Hexes
 19901 | Orc:1    | Entered Level 1 of the Orcish Mines
 19901 | Orc:1    | Noticed an ettin
 19948 | D:12     | Reached skill level 10 in Spellcasting
 20286 | Orc:1    | HP: 2/81 [orc warrior/flail[an orc knight] (12)]
 20287 | Orc:1    | Demolished by an ettin

Vault maps used:
D:1:      dpeg_arrival_leaves_temple_mockup
D:2:      item_on_display_a
D:3:      eat_drink_and_be_merry_uskayaw, old_standard_altar,
          hangedman_abyss_or_decor_lesser_grid
D:4:      chequers_temple_overflow_minitemple, lemuel_doored_altar
D:5:      first_bread, serial_curves, eino_curves_01, eino_curves_03
D:6:      lemuel_crystal_altar, serial_shops, shop, lemuel_old_faithful,
          uniq_blork_the_orc, uniq_duvessa
D:7:      minmay_flawed_box, nicolae_dithmenos_shadow_blocks, elyvilon_altar_4,
          enter_ossuary_4
D:8:      the_bakery, hangedman_abyss_or_decor_jellyfish_corner
D:9:      minmay_gate_of_8, fountainhead, uniq_gastronok, uniq_maurice
D:10:     erik_lair_orcish_takeover
D:11:     minivault_5, kennysheep_minor_cross, grunt_ministairs_1,
          grunt_decor_mini_mirrors, uniq_josephine
D:12:     minmay_orc_entry_guard_dogs, minivault_23
Temple:   minmay_temple_curvy_loop
Lair:1:   grunt_megastairs_2
Ossuary:  minmay_ossuary_two_tombs

Skill      XL: |  1  2  3  4  5  6  7  8  9 10 11 12 |
---------------+-------------------------------------+-----
Short Blades   | 1 2 3 4 |  4.0
Spellcasting   | 3 4 6 7 10 | 10.5
Hexes          | 3 4 5 6 8 10 | 10.0
Dodging        | 2 3 7 |  7.3
Fighting       | 2 3 |  3.0
Throwing       | 1 |  1.0
Stealth        | 4 6 |  6.0
Shields        | 4 |  4.1
Polearms       | 3 8 |  8.4

Action                   |  1- 3 |  4- 6 |  7- 9 | 10-12 || total
-------------------------+-------+-------+-------+-------++-------
Melee: Dagger            |   103 |   198 |   823 |   218 ||  1342
       Rapier            |    45 |       |       |       ||    45
       Halberd           |       |    48 |       |       ||    48
       Trident           |       |       |       |   625 ||   625
       Scimitar          |       |       |       |     8 ||     8
 Fire: Blowgun           |       |       |       |    13 ||    13
 Cast: Corona            |    28 |     1 |       |     3 ||    32
       Tukima's Dance    |     4 |     4 |     2 |     6 ||    16
       Confuse           |     3 |    11 |    50 |    51 ||   115
       Dazzling Spray    |       |       |     1 |       ||     1
       Repel Missiles    |       |       |       |     1 ||     1
Invok: Potion Petition   |       |       |       |     1 ||     1
 Stab: Sleeping          |     3 |     1 |    11 |    17 ||    32
       Confused          |       |     1 |    29 |    39 ||    69
       Distracted        |       |       |     1 |     1 ||     2
Armor: Robe              |     7 |       |       |       ||     7
       Ring mail         |    35 |    87 |   169 |   158 ||   449
Dodge: Dodged            |    86 |   112 |   296 |   344 ||   838
       Deflected         |       |       |       |     7 ||     7
Block: Buckler           |       |       |   184 |   203 ||   387
       Rpst.: Scimitar   |       |       |       |     1 ||     1
